[Event "ICC tourney 2171 (3 2)"]
[Site "Internet Chess Club"]
[Date "2020.12.04"]
[Round "2"]
[White "KRASAVCHIK"]
[Black "Drachekokosnuss"]
[Result "1-0"]
[ICCResult "Black resigns"]
[WhiteElo "3017"]
[BlackElo "1813"]
[Opening "Four knights: Gunsberg variation"]
[ECO "C47"]
[NIC "KP.06"]
[Time "22:20:57"]
[TimeControl "180+2"]

1. e4 e5 2. Nf3 Nc6 3. Nc3 Nf6 4. a3 Be7 5. d4 exd4 6. Nxd4 Nxd4 7. Qxd4 d6
8. Bf4 O-O 9. O-O-O Nd7 10. Nd5 Bf6 11. Nxf6+ Nxf6 12. e5 Nh5 13. exd6 Nxf4
14. Qxf4 cxd6 15. Qxd6 Qxd6 16. Rxd6 Be6 17. Bd3 Rac8 18. Re1 Rfd8 19. Rxd8+
Rxd8 20. Kd2 Bd5 21. g3 Bc4 22. Re7 Bxd3 23. cxd3 Rb8 24. d4 Kf8 25. Rc7 Ke8
26. Kd3 a6 27. d5 b5 28. Kd4 Rd8 29. Kc5 Rd7 30. Kc6 {Black resigns} 1-0

[Event "ICC tourney 2171 (3 2)"]
[Site "Internet Chess Club"]
[Date "2020.12.04"]
[Round "2"]
[White "python0812"]
[Black "Hamlett144"]
[Result "1-0"]
[ICCResult "Black checkmated"]
[WhiteElo "1493"]
[BlackElo "1382"]
[Opening "Owen defense"]
[ECO "B00"]
[NIC "VO.01"]
[Time "22:20:37"]
[TimeControl "180+2"]

1. e4 b6 2. Nf3 Bb7 3. Nc3 e6 4. d4 Bb4 5. Bd3 Nf6 6. Qe2 O-O 7. O-O Bxc3 8.
bxc3 d6 9. Ng5 h6 10. e5 dxe5 11. dxe5 Nd5 12. Qe4 g6 13. Nxe6 f5 14. exf6
Nxf6 15. Qxg6+ Kh8 16. Qg7# {Black checkmated} 1-0

[Event "ICC tourney 2171 (3 2)"]
[Site "Internet Chess Club"]
[Date "2020.12.04"]
[Round "2"]
[White "GrandPatzer5"]
[Black "pmchess98"]
[Result "1-0"]
[ICCResult "Black resigns"]
[WhiteElo "1917"]
[BlackElo "1430"]
[Opening "Four knights: Scotch, 4...exd4"]
[ECO "C47"]
[NIC "KP.06"]
[Time "22:20:37"]
[TimeControl "180+2"]

1. e4 e5 2. Nf3 Nc6 3. Nc3 Nf6 4. d4 exd4 5. Nxd4 Bc5 6. Be3 O-O 7. Nxc6
bxc6 8. Bxc5 d6 9. Be3 Re8 10. Bd3 d5 11. exd5 cxd5 12. O-O d4 13. Bxd4 Bg4
14. Bxf6 Qxf6 15. Qxg4 Re5 16. Rfe1 Rg5 17. Qe4 g6 18. Qxa8+ {Black resigns}
1-0

[Event "ICC tourney 2171 (3 2)"]
[Site "Internet Chess Club"]
[Date "2020.12.04"]
[Round "2"]
[White "ConnorGo"]
[Black "yogokings12"]
[Result "0-1"]
[ICCResult "White resigns"]
[WhiteElo "1260"]
[BlackElo "1536"]
[Opening "Sicilian"]
[ECO "B50"]
[NIC "SI.01"]
[Time "22:20:57"]
[TimeControl "180+2"]

1. e4 c5 2. Nf3 d6 3. Bc4 Nf6 4. Nc3 e6 5. O-O Be7 6. d4 cxd4 7. Nxd4 Nc6 8.
Bb5 Bd7 9. Ba4 Nxd4 10. Bxd7+ Qxd7 11. Qxd4 O-O 12. Bg5 h6 13. Bh4 Rfd8 14.
f3 Rac8 15. Rad1 d5 16. e5 Bc5 17. exf6 Bxd4+ 18. Rxd4 Rc4 19. Rxc4 dxc4 20.
fxg7 Qd4+ 21. Bf2 Qxg7 22. Ne4 Qxb2 23. c3 f5 24. Nc5 Rd2 25. Nxe6 Qc2 26.
Nf4 Rd1 27. h3 Rxf1+ 28. Kxf1 Qc1+ 29. Be1 Qxf4 {White resigns} 0-1

[Event "ICC tourney 2171 (3 2)"]
[Site "Internet Chess Club"]
[Date "2020.12.04"]
[Round "2"]
[White "chesswarriors12"]
[Black "clair"]
[Result "1-0"]
[ICCResult "Black resigns"]
[WhiteElo "1418"]
[BlackElo "1207"]
[Opening "Modern defense"]
[ECO "A40"]
[NIC "QO.17"]
[Time "22:20:35"]
[TimeControl "180+2"]

1. d4 g6 2. c4 Bg7 3. Nf3 e6 4. g3 Ne7 5. Bg2 O-O 6. O-O d5 7. cxd5 exd5 8.
Nc3 c6 9. Bf4 Nd7 10. Re1 Nf6 11. e3 Bg4 12. h3 Be6 13. Rc1 h6 14. h4 Nh5
15. Qb3 Nxf4 16. exf4 Rb8 17. Re2 Qc8 18. Rce1 Bh3 19. Rxe7 Bxg2 20. Kxg2
Qf5 21. Rxb7 Rbe8 22. Rbe7 Rxe7 23. Rxe7 Bf6 24. Re1 g5 25. fxg5 hxg5 26.
hxg5 Bxg5 27. Nxg5 Qxg5 28. Qd1 Kg7 29. Rh1 Re8 30. Qh5 Qd2 31. Qh7+ Kf8 32.
Qh6+ Ke7 33. Qxd2 {Black resigns} 1-0

[Event "ICC tourney 2171 (3 2)"]
[Site "Internet Chess Club"]
[Date "2020.12.04"]
[Round "2"]
[White "IshanVannadil"]
[Black "jy2020"]
[Result "0-1"]
[ICCResult "White checkmated"]
[WhiteElo "1467"]
[BlackElo "1811"]
[Opening "Sicilian: Najdorf, 6.Bg5"]
[ECO "B94"]
[NIC "SI.04"]
[Time "22:20:33"]
[TimeControl "180+2"]

1. e4 c5 2. Nf3 d6 3. d4 cxd4 4. Nxd4 Nf6 5. Nc3 a6 6. Bg5 Nbd7 7. f4 e5 8.
Nf5 Qb6 9. Na4 Qb4+ 10. c3 Qxe4+ 11. Be2 Qxf5 12. O-O e4 13. g4 Qa5 14. b4
Qc7 15. Bxf6 Nxf6 16. g5 Nd7 17. Qd5 Qc6 18. Bc4 Qxd5 19. Bxd5 f5 20. gxf6
Nxf6 21. Nb6 Rb8 22. Bb3 Be7 23. Ba4+ Kf7 24. Bb3+ Be6 25. c4 Bd8 26. Na4 b5
27. f5 Bxc4 28. Nc3 Bb6+ 29. Kg2 Bxb3 30. axb3 d5 31. Rxa6 Bd4 32. Ne2 Be5
33. Re6 Rhe8 34. Ra6 d4 35. Rd1 d3 36. Nc1 Nd5 37. Ra7+ Re7 38. Ra5 Ne3+ 39.
Kf2 Nxd1+ 40. Ke1 Nc3 41. Kd2 Bf4+ 42. Kxc3 Bxc1 43. f6 gxf6 44. h4 e3 45.
Kxd3 e2 46. h5 e1=Q 47. h6 Qd2# {White checkmated} 0-1

[Event "ICC tourney 2171 (3 2)"]
[Site "Internet Chess Club"]
[Date "2020.12.04"]
[Round "2"]
[White "Openyagami"]
[Black "needGodcom"]
[Result "1-0"]
[ICCResult "Black resigns"]
[WhiteElo "2677"]
[BlackElo "1653"]
[Opening "English: symmetrical, main line with d4"]
[ECO "A39"]
[NIC "EO.26"]
[Time "22:20:34"]
[TimeControl "180+2"]

1. Nf3 Nf6 2. c4 c5 3. g3 g6 4. Bg2 Bg7 5. O-O O-O 6. Nc3 Nc6 7. d4 cxd4 8.
Nxd4 e5 9. Ndb5 Re8 10. Bg5 a6 11. Nd6 h6 12. Bxf6 Bxf6 13. Nxe8 Qxe8 14.
Ne4 Bg7 15. c5 Nd4 16. e3 Nf5 17. Nd6 Qe7 18. Nxf5 gxf5 19. Qd6 Qg5 20. Rad1
e4 21. Rd5 Bf8 22. Qc7 d6 23. cxd6 Be6 24. Rd4 b5 25. d7 Be7 26. Rfd1 Bd8
27. Qc8 Ra7 28. Qb8 Rc7 29. Qa8 Rc2 30. Qxa6 Rxb2 31. R4d2 Qh5 32. Qc8 Bxd7
33. Qxd8+ Kh7 34. Qxd7 Rxa2 {Black resigns} 1-0

[Event "ICC tourney 2171 (3 2)"]
[Site "Internet Chess Club"]
[Date "2020.12.04"]
[Round "2"]
[White "Averyyu321"]
[Black "avbhosale"]
[Result "1-0"]
[ICCResult "Black checkmated"]
[WhiteElo "1451"]
[BlackElo "1251"]
[Opening "King's pawn game"]
[ECO "C50"]
[NIC "IG.03"]
[Time "22:20:46"]
[TimeControl "180+2"]

1. e4 e5 2. Nf3 Nc6 3. Bc4 h6 4. d3 Nf6 5. c3 Bc5 6. Bb3 d6 7. Bc2 Bg4 8. h3
Bxf3 9. Qxf3 Qe7 10. Nd2 O-O-O 11. b4 Bb6 12. a4 a5 13. b5 Na7 14. Nc4 Bc5
15. Be3 Bxe3 16. Qxe3 d5 17. Nxa5 dxe4 18. Qxa7 exd3 19. Qxb7+ Kd7 20. Qc6+
Kc8 21. Bb3 d2+ 22. Kd1 Rhe8 23. Bd5 Rxd5 24. Nc4 Rc5 25. Nb6+ Kd8 26. Qa8#
{Black checkmated}
1-0

[Event "ICC tourney 2171 (3 2)"]
[Site "Internet Chess Club"]
[Date "2020.12.04"]
[Round "2"]
[White "cjcardoso"]
[Black "hggonzalezzss"]
[Result "0-1"]
[ICCResult "White resigns"]
[WhiteElo "1408"]
[BlackElo "1462"]
[Opening "Sicilian: Nimzovich-Rossolimo attack (with ...g6, without ...d6)"]
[ECO "B31"]
[NIC "SI.31"]
[Time "22:20:36"]
[TimeControl "180+2"]

1. e4 c5 2. Nf3 Nc6 3. Bb5 g6 4. c3 Bg7 5. Bxc6 bxc6 6. d4 cxd4 7. cxd4 Rb8
8. Nc3 e6 9. e5 Ne7 10. O-O O-O 11. Re1 d5 12. Na4 Re8 13. Nc5 Bf8 14. Bg5
Qc7 15. Qc1 Nf5 16. b3 Qb6 17. g4 Nxd4 18. Nd7 Bxd7 19. Nxd4 Qxd4 20. Bf6
Qxg4+ 21. Kh1 Qf3+ 22. Kg1 c5 23. Re3 Qg4+ 24. Rg3 Qe4 25. Qd2 d4 26. Re1
Qd5 27. Rh3 Bc6 28. Kf1 Qg2+ {White resigns} 0-1

[Event "ICC tourney 2171 (3 2)"]
[Site "Internet Chess Club"]
[Date "2020.12.04"]
[Round "2"]
[White "JohnnyHop98"]
[Black "TheChessShark"]
[Result "1-0"]
[ICCResult "Black resigns"]
[WhiteElo "1735"]
[BlackElo "1349"]
[Opening "Queen's pawn: Chigorin variation"]
[ECO "D00"]
[NIC "QP.08"]
[Time "22:20:35"]
[TimeControl "180+2"]

1. d4 d5 2. Nc3 Nf6 3. Bf4 e6 4. Nb5 Na6 5. a3 Bd7 6. Nc3 Bd6 7. e3 Bxf4 8.
exf4 O-O 9. Nf3 c5 10. Bxa6 bxa6 11. dxc5 Qc7 12. Qd4 Rab8 13. b4 Bc6 14.
O-O Ne4 15. Ne5 Nxc3 16. Qxc3 f6 17. Nxc6 Qxc6 18. Rfe1 Rbe8 19. Re2 Qc7 20.
g3 Re7 21. Rae1 Rfe8 22. Qd3 Qc6 23. c4 dxc4 24. Qxc4 Qb5 25. Qxb5 axb5 26.
Rd1 e5 27. fxe5 Rxe5 28. Rxe5 Rxe5 29. Rd7 Re1+ 30. Kg2 Ra1 31. Rxa7 Kf8 32.
c6 Ke8 33. Rxg7 Rxa3 34. Rb7 Kd8 35. Rxb5 Kc7 36. Rc5 Rb3 37. b5 Kb6 38. c7
Kxc5 39. c8=Q+ Kxb5 40. Qd7+ Kc4 41. Qxh7 Rb5 42. Qc2+ Kd5 43. Qd3+ Kc6 44.
Qxb5+ Kxb5 45. h4 Kc6 46. h5 Kd7 47. h6 Ke7 48. h7 {Black resigns} 1-0

[Event "ICC tourney 2171 (3 2)"]
[Site "Internet Chess Club"]
[Date "2020.12.04"]
[Round "2"]
[White "wildrumpus"]
[Black "DFKnights"]
[Result "0-1"]
[ICCResult "White resigns"]
[WhiteElo "1439"]
[BlackElo "1638"]
[Opening "Queen's pawn game"]
[ECO "A45"]
[NIC "QP.07"]
[Time "22:20:49"]
[TimeControl "180+2"]

1. d4 Nf6 2. e3 g6 3. Nf3 Bg7 4. Be2 O-O 5. O-O d6 6. b3 Nc6 7. Bb2 Bg4 8.
c4 Re8 9. Nc3 e5 10. dxe5 Bxf3 11. Bxf3 Rxe5 12. Bxc6 bxc6 13. Qc2 Re7 14.
Rad1 Qc8 15. h3 Rb8 16. Ne2 Qe8 17. Nd4 c5 18. Nb5 a6 19. Nc3 Re5 20. Nd5
Nxd5 21. Bxe5 Nb4 22. Bxg7 Nxc2 23. Bh6 Qe5 24. Rd5 Qe6 25. a3 Rxb3 26. Rc1
Nxa3 27. Ra1 Nxc4 28. Rxa6 Qxd5 29. Kh2 f6 30. Ra7 Qc6 31. Ra1 Ra3 32. Rb1
Ra8 33. Rd1 Ne5 {White resigns} 0-1

[Event "ICC tourney 2171 (3 2)"]
[Site "Internet Chess Club"]
[Date "2020.12.04"]
[Round "2"]
[White "Goran21"]
[Black "GGuseinov"]
[Result "0-1"]
[ICCResult "White resigns"]
[WhiteElo "1798"]
[BlackElo "2767"]
[Opening "King's Indian: Sämisch, 6...Nc6"]
[ECO "E83"]
[NIC "KI.36"]
[Time "22:20:31"]
[TimeControl "180+2"]

1. d4 Nf6 2. c4 g6 3. Nc3 Bg7 4. e4 d6 5. f3 O-O 6. Be3 Nc6 7. Qd2 a6 8. h4
e5 9. Nge2 h5 10. d5 Na5 11. Nc1 b5 12. c5 dxc5 13. Bxc5 Re8 14. b4 Nb7 15.
Nb3 Bd7 16. Be3 c6 17. Nc5 Nxc5 18. bxc5 b4 19. Na4 cxd5 20. Nb6 d4 21. Bg5
Ra7 22. Qxb4 Bc6 23. Bc4 Qe7 24. Nd5 Bxd5 25. exd5 Rb7 26. Qa3 e4 27. d6 Qe5
28. f4 Qf5 29. c6 Rb6 30. d7 Nxd7 31. cxd7 Qxd7 32. O-O d3 33. Rad1 Qd4+ 34.
Kh1 Qxc4 35. f5 e3 36. Rxd3 e2 37. Re1 Bb2 38. Qa5 Qxd3 39. Qxb6 Qd1 40. Qf2
Qxe1+ 41. Qxe1 Bc3 42. Qxe2 Rxe2 43. fxg6 fxg6 {White resigns} 0-1

[Event "ICC tourney 2171 (3 2)"]
[Site "Internet Chess Club"]
[Date "2020.12.04"]
[Round "2"]
[White "blackjack721"]
[Black "PearsonH"]
[Result "1-0"]
[ICCResult "Black checkmated"]
[WhiteElo "1250"]
[BlackElo "1382"]
[Opening "French: Steinitz variation"]
[ECO "C11"]
[NIC "FR.04"]
[Time "22:20:34"]
[TimeControl "180+2"]

1. d4 e6 2. Nc3 d5 3. e4 Nf6 4. e5 Nfd7 5. Bd3 c5 6. Nge2 Nc6 7. f4 a6 8.
Be3 b5 9. O-O c4 10. f5 cxd3 11. cxd3 Nb6 12. fxe6 Bxe6 13. Nf4 Qd7 14. Rf2
Be7 15. Qf1 O-O 16. Nh5 Bh4 17. g3 Be7 18. h4 Rfc8 19. Rf4 Rf8 20. Re1 Nb4
21. Nf6+ gxf6 22. Rxf6 Bxf6 23. Qxf6 Qd8 24. Qh6 Nc2 25. Bg5 f6 26. exf6 Rf7
27. Rxe6 Nxd4 28. Re3 Qf8 29. Qh5 Re8 30. Bh6 Rxe3 31. Bxf8 Rxf8 32. Qg5+
Kh8 33. Qg7# {Black checkmated} 1-0

[Event "ICC tourney 2171 (3 2)"]
[Site "Internet Chess Club"]
[Date "2020.12.04"]
[Round "2"]
[White "CaptK"]
[Black "A4-H5"]
[Result "1-0"]
[ICCResult "Black checkmated"]
[WhiteElo "2147"]
[BlackElo "1827"]
[Opening "Sicilian: Nimzovich-Rubinstein variation"]
[ECO "B29"]
[NIC "SI.43"]
[Time "22:20:36"]
[TimeControl "180+2"]

1. e4 c5 2. Nf3 Nf6 3. Nc3 d5 4. exd5 Nxd5 5. Bb5+ Nc6 6. Bxc6+ bxc6 7. Ne4
e6 8. b3 Nf6 9. Qe2 Qd5 10. Nxf6+ gxf6 11. Bb2 Be7 12. d3 Rg8 13. O-O-O a5
14. a4 e5 15. Rhg1 Be6 16. Kb1 Rb8 17. Nd2 Qd7 18. f3 Rb4 19. Nc4 Qc7 20. g4
h6 21. h4 Rg6 22. h5 Rg8 23. Qe3 Bf8 24. Bc3 Bxc4 25. Bxb4 Bxb3 26. cxb3
cxb4 27. d4 Rg5 28. f4 e4 29. Qxe4+ Re5 30. fxe5 fxe5 31. Qxe5+ Be7 32. Qxc7
Kf8 33. Qxe7+ Kxe7 34. d5 cxd5 35. Rxd5 Ke6 36. Rb5 Kf6 37. g5+ hxg5 38.
Rgxg5 Ke7 39. h6 f6 40. h7 fxg5 41. h8=Q Ke6 42. Qh6+ Kf7 43. Rb7+ Kg8 44.
Qa6 g4 45. Qa8# {Black checkmated} 1-0

[Event "ICC tourney 2171 (3 2)"]
[Site "Internet Chess Club"]
[Date "2020.12.04"]
[Round "2"]
[White "BreatheChessAls"]
[Black "coolsportsguy"]
[Result "1-0"]
[ICCResult "Black forfeits on time"]
[WhiteElo "1687"]
[BlackElo "1622"]
[Opening "Queen's pawn, Mason variation"]
[ECO "D00"]
[NIC "QP.08"]
[Time "22:20:36"]
[TimeControl "180+2"]

1. d4 d5 2. Bf4 Nf6 3. e3 e6 4. Nd2 c5 5. c3 Bd6 6. Bg3 O-O 7. Ngf3 Qc7 8.
Ne5 Nbd7 9. f4 Ne4 10. Nxe4 dxe4 11. Be2 cxd4 12. exd4 f6 13. Nc4 Bxf4 14.
Bxf4 Qxf4 15. g3 Qg5 16. O-O b6 17. Nd6 Qe3+ 18. Kh1 f5 19. Bc4 Rf6 20. Nxf5
Qg5 21. h4 Rh6 22. Bxe6+ Kh8 23. Nxh6 Qxh6 24. Bd5 Rb8 25. Bxe4 Nf6 26. Bg2
Ba6 27. Re1 Rf8 28. Qc1 Qg6 29. Qg5 Qc2 30. Re7 g6 31. Qh6 Rg8 32. Rf7
{Black forfeits on time}
1-0

[Event "ICC tourney 2171 (3 2)"]
[Site "Internet Chess Club"]
[Date "2020.12.04"]
[Round "2"]
[White "avocuddle"]
[Black "Aleksandrov73"]
[Result "0-1"]
[ICCResult "White resigns"]
[WhiteElo "1454"]
[BlackElo "2194"]
[Opening "Nimzo-Indian: Reshevsky variation"]
[ECO "E46"]
[NIC "NI.10"]
[Time "22:20:37"]
[TimeControl "180+2"]

1. d4 Nf6 2. c4 e6 3. Nc3 Bb4 4. e3 O-O 5. Ne2 Re8 6. a3 Bf8 7. Ng3 d5 8.
cxd5 exd5 9. Bd3 g6 10. O-O h5 11. Re1 a5 12. f3 c6 13. e4 h4 14. Nf1 dxe4
15. Bxe4 Nxe4 16. fxe4 Bg7 17. Be3 h3 18. g3 Na6 19. Qd2 Qf6 20. Rad1 Bg4
21. Bg5 Qe6 22. Rc1 Bf3 23. e5 Nc7 24. Ne3 f6 25. exf6 Bxf6 26. Bxf6 Qxf6
27. Rf1 Rf8 28. Ng4 Qg7 29. Ne5 Bg2 30. Rfe1 Rad8 31. Ne2 Ne6 32. Qd3 Nxd4
33. Nxd4 Rd6 34. Qe3 Re8 35. Qb3+ Kh7 36. Nef3 Rxe1+ 37. Rxe1 Rxd4 38. Nxd4
Qxd4+ 39. Qe3 Qxb2 40. Qe7+ Kh6 41. Qh4+ Kg7 42. Qe7+ Kh6 43. Qf8+ Kh5 44.
Re5+ Qxe5 45. Qf2 Qa1+ {White resigns} 0-1

[Event "ICC tourney 2171 (3 2)"]
[Site "Internet Chess Club"]
[Date "2020.12.04"]
[Round "2"]
[White "abelMZ084"]
[Black "chessfidebullet"]
[Result "0-1"]
[ICCResult "White forfeits on time"]
[WhiteElo "1254"]
[BlackElo "1051"]
[Opening "Queen's pawn game"]
[ECO "D00"]
[NIC "QP.08"]
[Time "22:20:37"]
[TimeControl "180+2"]

1. d4 d5 2. e3 e6 3. Bd3 Bd6 4. f4 f5 5. Nf3 Ne7 6. Ne5 Nd7 7. O-O Nf8 8.
Nd2 Nfg6 9. Ndf3 Bd7 10. Ng5 Nxe5 11. fxe5 Nc8 12. Qh5+ g6 13. Qf3 Qxg5 14.
exd6 Nxd6 15. e4 dxe4 16. Bxg5 exf3 17. Rxf3 Nf7 18. Bf6 Rf8 19. Bh4 g5 20.
Bf2 e5 21. Re1 e4 22. Rfe3 O-O-O 23. Bc4 Bc6 24. Be6+ Kb8 25. Bxf5 Nd6 26.
Bxe4 Bxe4 27. Rxe4 Nxe4 28. Rxe4 Rfe8 29. Rg4 Rg8 30. Be3 h6 31. c3 h5 32.
Rxg5 Rxg5 33. Bxg5 Rg8 34. Be3 h4 35. Kf2 Rf8+ 36. Ke2 Kc8 37. h3 Rg8 38.
Kf3 Rg3+ 39. Kf4 Rg8 40. Kf3 Rf8+ 41. Bf4 Kd7 42. g4 hxg3 43. Kxg3 Ke6 44.
Bxc7 Kf5 45. Be5 Rg8+ 46. Kf3 b5 47. h4 Rg4 48. h5 Rh4 49. Bb8 a6 50. d5
Rxh5 51. d6 Rh3+ 52. Kg2 Rh7 53. Bc7 Ke6 54. Kf3 Kd7 55. Ke4 Rh4+ 56. Kd5 b4
57. c4 Rh5+ {White forfeits on time} 0-1

[Event "ICC tourney 2171 (3 2)"]
[Site "Internet Chess Club"]
[Date "2020.12.04"]
[Round "2"]
[White "Shakhmatova"]
[Black "DrKnight01"]
[Result "1-0"]
[ICCResult "Black forfeits on time"]
[WhiteElo "1566"]
[BlackElo "1262"]
[Opening "Danish gambit"]
[ECO "C21"]
[NIC "KP.04"]
[Time "22:20:37"]
[TimeControl "180+2"]

1. e4 e5 2. d4 exd4 3. c3 dxc3 4. Nxc3 Bb4 5. Qd4 Bxc3+ 6. Qxc3 Nc6 7. f4 f6
8. Nf3 d6 9. Bc4 Nge7 10. O-O Bg4 11. h3 Bh5 12. g4 Bf7 13. Bxf7+ Kxf7 14.
Qb3+ d5 15. e5 Rf8 16. exf6 gxf6 17. Qc2 Kg8 18. Nh4 d4 19. Qe4 d3 20. Bd2
Re8 21. g5 fxg5 22. fxg5 Ng6 23. Qc4+ Kh8 24. Bc3+ Nce5 25. Nf3 a6 26. h4 b5
27. Qb3 d2 28. h5 Nh4 29. Nxh4 Qxg5+ 30. Ng2 Rg8 31. Rf2 h6 32. Bxd2 Qg4 33.
Kf1 Raf8 34. Be1 Rxf2+ 35. Bxf2 Qxg2+ 36. Ke2 Rf8 37. Qe3 Ng4 38. Qd4+ Kg8
39. Rf1 Nxf2 40. Rxf2 Qg5 41. Qe3 Qxh5+ 42. Kd2 Rd8+ 43. Kc3 Qh1 44. Qg3+
Kh8 45. Qe5+ {Black forfeits on time} 1-0

[Event "ICC tourney 2171 (3 2)"]
[Site "Internet Chess Club"]
[Date "2020.12.04"]
[Round "2"]
[White "Pugnacious"]
[Black "Kyle45"]
[Result "1-0"]
[ICCResult "Black checkmated"]
[WhiteElo "1643"]
[BlackElo "1384"]
[Opening "Trompowsky attack (Ruth, Opocenský opening)"]
[ECO "A45"]
[NIC "QP.07"]
[Time "22:20:37"]
[TimeControl "180+2"]

1. d4 Nf6 2. Bg5 e6 3. e3 Be7 4. Bd3 c5 5. c3 cxd4 6. exd4 d5 7. Nd2 Nbd7 8.
f4 b6 9. Ngf3 Bb7 10. O-O O-O 11. Ne5 h6 12. Bh4 Ne4 13. Bxe7 Qxe7 14. Qe2
f5 15. Ng6 Qf6 16. Nxf8 Rxf8 17. Nf3 a5 18. Ne5 Nxe5 19. fxe5 Qg5 20. Bxe4
dxe4 21. Rae1 Rc8 22. Qe3 Qe7 23. Rd1 Bd5 24. b3 b5 25. Rc1 a4 26. bxa4 bxa4
27. Rf2 a3 28. Rfc2 Rc4 29. Rb1 Qc7 30. Qc1 Qa5 31. Rb3 Ra4 32. c4 Bc6 33.
Qd2 Qa6 34. d5 Bd7 35. c5 exd5 36. Qxd5+ Be6 37. Qd8+ Kh7 38. Rb8 Qd3 39.
Qxd3 exd3 40. Rd2 Rc4 41. Rb6 Bd5 42. Rd6 Be4 43. e6 Rc2 44. Rd1 Rxg2+ 45.
Kf1 Rxh2 46. e7 Rh1+ 47. Kf2 Rh2+ 48. Ke3 Rh3+ 49. Kd4 Rh4 50. Ke5 Bf3 51.
R1xd3 Re4+ 52. Kd5 Rxe7+ 53. Rxf3 Rf7 54. c6 g5 55. Rd7 g4 56. Rxf7+ Kg6 57.
R3xf5 h5 58. c7 h4 59. c8=Q g3 60. Qg8+ Kh6 61. Rh7# {Black checkmated} 1-0

[Event "ICC tourney 2171 (3 2)"]
[Site "Internet Chess Club"]
[Date "2020.12.04"]
[Round "2"]
[White "Eraser007"]
[Black "stephenwilly"]
[Result "0-1"]
[ICCResult "White resigns"]
[WhiteElo "2109"]
[BlackElo "1599"]
[Opening "Ruy Lopez: Berlin defense"]
[ECO "C65"]
[NIC "RL.07"]
[Time "22:20:35"]
[TimeControl "180+2"]

1. e4 e5 2. Nf3 Nc6 3. Bb5 Nf6 4. d3 Bc5 5. c3 O-O 6. h3 d5 7. Qe2 Be6 8.
Bxc6 bxc6 9. Nxe5 Qd6 10. Nf3 dxe4 11. dxe4 Rfe8 12. e5 Qd7 13. O-O Bxh3 14.
gxh3 Qxh3 15. Bf4 Qg4+ 16. Kh1 Qxf4 17. Nbd2 Ng4 18. Rae1 Rxe5 19. Qd3 Rh5+
20. Kg2 Nf6 21. Rg1 Ng4 22. Re2 h6 23. Ne4 Nh2 24. Nxh2 Rxh2+ 25. Kf1 Bb6
26. Qg3 Qxg3 27. Nxg3 Rd8 28. Ke1 Rh4 29. Nf5 Rf4 30. Nxg7 Kf8 31. Nh5 Rf5
32. Ng3 Rfd5 33. Kf1 h5 34. Rh1 Rd1+ 35. Re1 R8d2 36. Rxd1 Rxd1+ 37. Kg2 Rd2
38. Ne4 Rxb2 39. Rxh5 Rxa2 40. Rf5 Ke7 41. Ng5 f6 42. Ne4 Ke6 43. Rxf6+ Ke5
44. Kf3 Rxf2+ 45. Nxf2 Kxf6 46. Nd3 a5 47. Nb2 Ke5 48. Ke2 Kd5 49. Kd3 Kc5
50. Kc2 Kb5 51. Kb3 c5 52. c4+ Ka6 53. Ka4 Kb7 54. Nd3 Kc6 55. Nc1 Kd6 56.
Nd3 Ke6 57. Kb5 Kf5 58. Nxc5 Bxc5 59. Kxc5 a4 60. Kb4 Ke4 61. Kxa4 Kd4 62.
Kb5 c5 63. Ka4 Kxc4 64. Ka3 Kc3 {White resigns} 0-1

[Event "ICC tourney 2171 (3 2)"]
[Site "Internet Chess Club"]
[Date "2020.12.04"]
[Round "2"]
[White "garfield92037"]
[Black "akshajp"]
[Result "1-0"]
[ICCResult "Black resigns"]
[WhiteElo "1531"]
[BlackElo "1124"]
[Opening "Sicilian: Nimzovich-Rossolimo attack (without ...d6)"]
[ECO "B30"]
[NIC "SI.31"]
[Time "22:20:37"]
[TimeControl "180+2"]

1. e4 c5 2. Nf3 Nc6 3. Bb5 d6 4. d4 cxd4 5. Nxd4 Bd7 6. Nc3 Nxd4 7. Qxd4 Nf6
8. O-O g6 9. Bg5 Bg7 10. Rfe1 O-O 11. Bxd7 Qxd7 12. Qd2 Rac8 13. Bh6 Rfd8
14. Bxg7 Kxg7 15. Rad1 b5 16. Qe3 a5 17. Rd2 b4 18. Ne2 Ng4 19. Qg3 Rc4 20.
f3 Nf6 21. e5 Nh5 22. Qf2 d5 23. Red1 Qc6 24. Nd4 Qc7 25. e6 f6 26. Qe3 f5
27. Qg5 Kh8 28. b3 Rc5 29. Rd3 Nf6 30. Qd2 Ne8 31. Qe2 Nd6 32. Qe5+ Kg8 33.
Qe2 Nb5 34. Nxb5 Rxb5 35. c4 Rc5 36. cxd5 Rc2 37. R3d2 Qc5+ 38. Kf1 Rxd2 39.
Qxd2 Kg7 40. Qd4+ Qxd4 41. Rxd4 Kf6 42. Ke2 Ke5 43. Kd3 Rxd5 44. f4+ Kd6 45.
Kc4 Rxd4+ 46. Kxd4 Kxe6 47. Kc5 Kf6 48. Kb5 e5 49. fxe5+ Kxe5 50. Kxa5 g5
51. Kxb4 f4 52. Kc3 g4 53. Kd3 h5 54. a4 h4 55. a5 g3 56. hxg3 fxg3 57. Ke3
Kd5 58. Kf3 Kc5 59. Kg4 Kb5 60. b4 Kc4 61. a6 Kb5 62. a7 Kb6 63. a8=Q
{Black resigns}
1-0

[Event "ICC tourney 2171 (3 2)"]
[Site "Internet Chess Club"]
[Date "2020.12.04"]
[Round "2"]
[White "Sricharan07"]
[Black "chiringuito"]
[Result "1/2-1/2"]
[ICCResult "Game drawn because neither player has mating material"]
[WhiteElo "1495"]
[BlackElo "1510"]
[Opening "Sicilian: Alapin's variation (2.c3)"]
[ECO "B22"]
[NIC "SI.46"]
[Time "22:20:44"]
[TimeControl "180+2"]

1. e4 c5 2. c3 Nf6 3. e5 Nd5 4. d4 e6 5. Nf3 Nc6 6. Bc4 Nb6 7. Bb5 cxd4 8.
cxd4 Be7 9. O-O O-O 10. Nc3 d6 11. Qe2 Bd7 12. Bd3 dxe5 13. dxe5 Nd5 14.
Nxd5 exd5 15. h3 Rc8 16. Be3 Be6 17. Bd4 Qa5 18. a3 Qa4 19. b4 a6 20. Bc2
Nxd4 21. Nxd4 Qd7 22. Qd3 g6 23. Bb3 Rc7 24. Rac1 Rfc8 25. Qd2 a5 26. Rxc7
Qxc7 27. bxa5 Qc3 28. Qxc3 Rxc3 29. Rb1 Bxa3 30. Nxe6 fxe6 31. Ba4 Bc5 32.
Rxb7 Ra3 33. Bd7 Kf7 34. Bb5+ Kg8 35. a6 Ra2 36. Rb8+ Kg7 37. Rb7+ Kh6 38.
Bd7 Bxf2+ 39. Kh2 Bd4 40. Bxe6 Bxe5+ 41. Kg1 Bg3 42. Kf1 Rd2 43. a7 Ra2 44.
Bxd5 Ra1+ 45. Ke2 Bh2 46. Kf3 Bg1 47. a8=Q Rxa8 48. Rxh7+ Kxh7 49. Bxa8 Kh6
50. Be4 Bb6 51. g4 Kg5 52. Kg3 Bc7+ 53. Kf3 Be5 54. Bd3 Bd6 55. Bxg6 Kxg6
56. h4 Kh6 57. Ke4 Be7 58. g5+ Bxg5 59. hxg5+ Kxg5
{Game drawn because neither player has mating material}
1/2-1/2

[Event "ICC tourney 2171 (3 2)"]
[Site "Internet Chess Club"]
[Date "2020.12.04"]
[Round "2"]
[White "rishik99"]
[Black "jaumevivesb"]
[Result "1/2-1/2"]
[ICCResult "White stalemated"]
[WhiteElo "1233"]
[BlackElo "1301"]
[Opening "Robatsch (modern) defense"]
[ECO "B06"]
[NIC "KF.05"]
[Time "22:20:37"]
[TimeControl "180+2"]

1. e4 g6 2. d4 Bg7 3. Nf3 c6 4. Nc3 d5 5. e5 Bg4 6. Be2 Bxf3 7. Bxf3 Nh6 8.
Bf4 Nf5 9. Qd2 Qb6 10. O-O-O O-O 11. Bg4 e6 12. h4 h5 13. Bxf5 exf5 14. Bg5
a5 15. Na4 Qb5 16. Nc5 b6 17. Nd3 Nd7 18. Bh6 a4 19. a3 Qc4 20. Bxg7 Kxg7
21. Nf4 Qa2 22. Qc3 Rfc8 23. Nh3 b5 24. Kd2 Nb6 25. Ra1 Qc4 26. f3 Qxc3+ 27.
Kxc3 c5 28. Rac1 cxd4+ 29. Kxd4 Nc4 30. b3 Nxa3 31. bxa4 Rxa4+ 32. Kd3 Rcc4
33. f4 Rd4+ 34. Ke3 Re4+ 35. Kf2 Rac4 36. Rhe1 Rxc2+ 37. Rxc2 Nxc2 38. Rc1
Nd4 39. Rc7 Re2+ 40. Kg1 b4 41. Ng5 b3 42. Rxf7+ Kg8 43. Rb7 b2 44. Kh2 Nc6
45. Rb6 Na5 46. Rxg6+ Kf8 47. Rf6+ Ke7 48. Rb6 Nc4 49. Rb4 Re1 50. Kg3 b1=Q
51. Rxb1 Rxb1 52. e6 Nd6 53. Kh3 Rb3+ 54. g3 d4 55. Kg2 Ne4 56. Nf3 d3 57.
Kf1 Kxe6 58. Nd4+ Kd5 59. Nxb3 Kc4 60. Na1 Kc3 61. Ke1 d2+ 62. Kd1 Nf2+ 63.
Ke2 Ng4 64. Nb3 d1=Q+ 65. Kxd1 Kxb3 66. Ke2 Kc4 67. Kf3 Kd4 68. Kg2 Ke3 69.
Kh3 Kf3 {White stalemated} 1/2-1/2